 Dungeon Crawl Stone Soup version 0.27.1-33-g824d729ab1 (webtiles) character file.

Game seed: 15072107335472687595

7297 zeram the Nimble (level 10, -5/44 HPs)
             Began as a Spriggan Conjurer on Dec 13, 2021.
             Was an Initiate of Gozag.
             Killed from afar by a deep elf pyromancer (34 damage)
             ... with a bolt of fire
             ... on level 9 of the Dungeon.
             The game lasted 00:32:27 (12969 turns).

zeram the Nimble (Spriggan Conjurer)               Turns: 12969, Time: 00:32:27

Health: -5/44      AC:  9    Str:  3    XL:     10   Next: 89%
Magic:  26/26      EV: 25    Int: 24    God:    Gozag
Gold:   1958       SH:  0    Dex: 13    Spells: 22/32 levels left

rFire    . . .     SeeInvis +   b - +1 dagger (venom)
rCold    . . .     Faith    .   (shield restricted)
rNeg     + . .     Spirit   .   a - +0 robe
rPois    .         Reflect  .   (helmet restricted)
rElec    .         Harm     .   p - +2 cloak
rCorr    .         Rampage  .   (gloves unavailable)
Will     +....                  (boots unavailable)
Stlth    ++........             k - amulet of regeneration
HPRegen  1.14/turn              d - +4 ring of protection
MPRegen  0.20/turn              n - ring of positive energy

@: about to teleport, very quick
A: very small, no large weapons, unfitting armour, see invisible, speed 3
a: Renounce Religion, Potion Petition, Call Merchant, Bribe Branch


You were on level 9 of the Dungeon.
You worshipped Gozag.
Gozag was most pleased with you.
You visited 2 branches of the dungeon, and saw 10 of its levels.
You also visited: Bailey.

You collected 2090 gold pieces.
You paid 132 gold pieces to Gozag.

Inventory:

Hand Weapons
 b - a +1 dagger of venom (weapon)
Armour
 a - a +0 robe (worn)
 i - a +1 cloak
 p - a +2 cloak (worn)
Magical Staves
 c - a staff of conjuration
Jewellery
 d - a +4 ring of protection (left hand)
 k - an amulet of regeneration (around neck)
 n - a ring of positive energy (right hand)
 r - an amulet of guardian spirit
 t - a ring of willpower
Wands
 j - a wand of polymorph (11)
 q - a wand of iceblast (12)
 u - a wand of flame (22)
 y - a wand of digging (4)
Scrolls
 f - 2 scrolls of teleportation
 l - a scroll of fog
 o - a scroll of acquirement
 s - a scroll of holy word
 v - a scroll of summoning
 z - a scroll of magic mapping
Potions
 e - 2 potions of brilliance
 g - 2 potions of curing
 h - 3 potions of heal wounds
 m - a potion of degeneration {unknown}
 w - a potion of mutation {unknown}
 x - a potion of lignification {unknown}


   Skills:
 * Level 14.8 Dodging
 - Level 3.0 Stealth
 + Level 11.7 Spellcasting
 - Level 3.1 Conjurations
 * Level 8.0 Hexes


You had 22 spell levels left.
You knew the following spells:

 Your Spells              Type           Power      Damage    Failure   Level
a - Magic Dart            Conj           100%       1d8       1%          1
b - Searing Ray           Conj           58%        3d5       1%          2
c - Call Canine Familiar  Summ           14%        N/A       13%         3
d - Cause Fear            Hex            25%        N/A       1%          4

Your spell library contained the following spells:

 Spells                   Type           Power      Damage    Failure   Level
 Dazzling Flash           Conj/Hex       80%        N/A       1%          3
 Foxfire                  Conj/Fire      84%        2x1d8     2%          1
 Shock                    Conj/Air       84%        1d8       2%          1
 Inner Flame              Hex/Fire       33%        N/A       2%          3
 Summon Guardian Golem    Hex/Summ       33%        N/A       2%          3
 Pain                     Necr           56%        1d6       4%          1
 Summon Small Mammal      Summ           56%        N/A       4%          1
 Fulminant Prism          Conj/Hex       20%        3d13      4%          4
 Conjure Flame            Conj/Fire      21%        6-21      7%          3
 Swiftness                Air            14%        N/A       13%         3
 Iskenderun's Mystic Bla  Conj/Tloc      21%        2d6       22%         4
 Airstrike                Air            7%         N/A       41%         4
 Agony                    Necr           14%        N/A       77%         5
 Excruciating Wounds      Necr           7%         N/A       77%         5
 Discord                  Hex            25%        N/A       100%        8


Dungeon Overview and Level Annotations

Branches:
Dungeon (9/15)             Temple (1/1) D:7            Lair (0/6) D:9
 Bailey (visited)
    Orc: D:9-12

Altars:
Ashenzari
Cheibriados
Dithmenos
Elyvilon
Fedhas
Gozag
Hepliaklqana
Kikubaaqudgha
Makhleb
Nemelex Xobeh
Okawaru
Qazlal
Ru
Sif Muna
Trog
Uskayaw
Vehumet
Wu Jian
Xom
Yredelemnul
Zin
The Shining One

Annotations:
D:5 2 transporters


Innate Abilities, Weirdness & Mutations

You are very small and have problems with some larger weapons.
You are too small for most types of armour.
You have supernaturally acute eyesight. (SInv)
You cover ground extremely quickly. (Speed+++)


Message History

The orc warrior shouts!
The centaur wields a +0 shortbow.
The centaur shoots an arrow.
The arrow hits you!
A deep elf pyromancer comes into view. It is wielding a +0 rapier.
Found a battleaxe.
The deep elf pyromancer shouts!
The centaur shoots an arrow.
The arrow hits you!
The centaur shoots an arrow.
The arrow misses you.
The deep elf pyromancer mumbles some strange words.
The deep elf pyromancer blinks!
The centaur shoots an arrow.
The arrow closely misses you.
The centaur shoots an arrow.
The arrow hits you but does no damage.
The centaur shoots an arrow.
The arrow hits you.
The deep elf pyromancer casts a spell at you.
The sticky flame hits you.
You are covered in liquid flames!
You are covered in liquid flames!
The deep elf pyromancer gestures at you while chanting.
The sticky flame hits you.
You are covered in liquid flames!
You are covered in liquid flames!
You are covered in liquid flames!
You are covered in liquid flames!
* * * LOW HITPOINT WARNING * * *
You are covered in liquid flames!
* * * LOW HITPOINT WARNING * * *
You are covered in liquid flames!
* * * LOW HITPOINT WARNING * * *
You are covered in liquid flames!
* * * LOW HITPOINT WARNING * * *
You are no longer on fire.
You feel much better.
As you read the scroll of teleportation, it crumbles to dust.
You feel strangely unstable.
The centaur shoots an arrow.
The arrow misses you.
The centaur shoots an arrow.
The arrow hits you but does no damage.
The deep elf pyromancer casts a spell at you.
The bolt of fire hits you!!
Ouch! That really hurt!
You die...
Your body crumbles into a pile of gold.

###.<...#...#...##.#.............
.##.........#......#.............
..#....##...##.....#.....).......
.##...##...........#.............
..c...##.......##................
......#........#..#........##....
...................##....####..#.
.>.......c................ #..##.
#####....ce.....@......... #..#.
#..........#....###.#. .#....
#........#......# ## ......
#......###....### . #.. #....###
##..## ...##.. #....## ##.#
....(.) #.....# ### #......
#....## #...... ##... ##....#


You could see a deep elf pyromancer and 2 centaurs.

Vanquished Creatures
  Pikel (D:5)
  A polar bear (D:8)
  14 yaks (D:8)
  Menkaure (D:6)
  Edmund (D:5)
  Duvessa (D:6)
  A sky beast (D:8)
  12 orc warriors
  An ogre (D:4)
  4 ice beasts
  2 black bears
  2 necrophages
  10 centaurs
  A lemure (D:5)
  A kobold brigand (D:4)
  2 bullfrogs
  Dowan (D:6)
  5 killer bees (D:9)
  3 wights (D:9)
  An electric eel (D:8)
  2 howler monkeys
  A centaur zombie (D:6)
  A gnoll shaman (D:7)
  2 hounds (D:4)
  A bullfrog skeleton (D:4)
  A centaur skeleton (D:5)
  4 orc priests
  A jelly (D:7)
  An iguana (D:6)
  4 orc wizards
  A killer bee zombie (D:8)
  A centaur simulacrum (D:8)
  A hound skeleton (D:5)
  A howler monkey zombie (D:6)
  6 adders
  11 gnolls
  A shadow imp (D:6)
  4 white imps
  An adder skeleton (D:5)
  A worm (D:4)
  4 dart slugs
  47 orcs
  6 ball pythons
  4 endoplasms (D:1)
  4 giant cockroaches
  11 goblins
  10 hobgoblins
  8 jackals
  7 quokkas
  4 bats
  A frilled lizard (D:1)
  6 kobolds
  2 rats (D:2)
225 creatures vanquished.

Vanquished Creatures (others)
  An orc (Bailey)
1 creature vanquished.

Grand Total: 226 creatures vanquished

Notes
Turn   | Place    | Note
-------+----------+-------------------------------------------
     0 | D:1      | zeram the Spriggan Conjurer began the quest for the Orb.
     0 | D:1      | Reached XP level 1. HP: 9/9 MP: 5/5
   977 | D:1      | Reached XP level 2. HP: 13/13 MP: 7/7
   985 | D:1      | Reached skill level 3 in Dodging
   988 | D:1      | Learned a level 2 spell: Searing Ray
  1109 | D:1      | Identified a scroll of acquirement
  1368 | D:1      | Found a faded altar of an unknown god.
  1916 | D:1      | Reached XP level 3. HP: 16/16 MP: 9/9
  2400 | D:1      | Learned a level 3 spell: Call Canine Familiar
  2699 | D:2      | Reached skill level 4 in Dodging
  2699 | D:2      | Reached XP level 4. HP: 20/21 MP: 2/11
  3337 | D:2      | Found a bloodstained altar of Trog.
  3466 | D:3      | Acquired 945 gold pieces
  3494 | D:3      | Found a broken altar of Ashenzari.
  3574 | D:3      | Reached skill level 5 in Spellcasting
  3752 | D:3      | Found a glowing golden altar of the Shining One.
  3939 | D:3      | Reached XP level 5. HP: 18/24 MP: 9/13
  4616 | D:4      | Reached skill level 5 in Dodging
  4793 | D:4      | Noticed an ogre
  4813 | D:4      | Killed an ogre
  4814 | D:4      | Reached XP level 6. HP: 11/28 MP: 8/16
  5466 | D:4      | Reached skill level 6 in Dodging
  5812 | D:5      | Entered Level 5 of the Dungeon
  5812 | D:5      | Found a transporter.
  5860 | D:5      | Noticed Edmund
  5883 | D:5      | Killed Edmund
  5884 | D:5      | Reached XP level 7. HP: 28/32 MP: 7/19
  6248 | D:5      | Found a transporter.
  6484 | D:5      | Reached skill level 7 in Dodging
  6623 | D:5      | Found a stormy altar of Qazlal.
  7040 | D:6      | Reached XP level 8. HP: 36/36 MP: 12/22
  7155 | D:6      | Noticed Duvessa
  7156 | D:6      | Noticed Dowan
  7170 | D:6      | Killed Dowan
  7184 | D:6      | Killed Duvessa
  7290 | D:6      | Noticed Menkaure
  7297 | D:6      | Killed Menkaure
  7298 | D:6      | Reached skill level 8 in Dodging
  7298 | D:6      | Reached skill level 10 in Spellcasting
  7328 | D:6      | Noticed a boulder beetle
  7421 | D:5      | Learned a level 4 spell: Cause Fear
  7458 | D:6      | Noticed Pikel
  7548 | D:5      | Killed Pikel
  7549 | D:5      | Reached skill level 9 in Dodging
  8143 | D:7      | Reached skill level 10 in Dodging
  8152 | D:7      | Reached XP level 9. HP: 39/39 MP: 12/24
  8373 | D:7      | Found a staircase to the Ecumenical Temple.
  8878 | D:8      | Reached skill level 5 in Hexes
  8967 | D:8      | Noticed a polar bear
  8970 | D:8      | Reached skill level 11 in Dodging
  8979 | D:8      | Killed a polar bear
  9325 | D:8      | Reached skill level 12 in Dodging
  9477 | D:8      | Reached XP level 10. HP: 44/44 MP: 17/25
  9484 | D:8      | Reached skill level 13 in Dodging
  9673 | Temple   | Entered the Ecumenical Temple
  9753 | Temple   | Became a worshipper of Gozag Ym Sagoz the Greedy
  9982 | D:8      | Found a hazy altar of Hepliaklqana.
 10720 | D:9      | Found a flagged portal.
 10731 | Bailey   | Entered a bailey
 11473 | Bailey   | Reached skill level 14 in Dodging
 12913 | D:9      | Found a staircase to the Lair.
 12949 | D:9      | Noticed a deep elf pyromancer
 12969 | D:9      | Killed from afar by a deep elf pyromancer

Illustrated notes

Levels and vault maps discovered:
D:1:      roderic_lyre, layout_loops_corners,
          shapermc_ecumenical_altar_mp_vishouse, minmay_circled_x
D:2:      layout_basic, basic_altar
D:3:      layout_basic, evilmike_ruin_ashenzari, tso_altar, nrook_campfire
D:4:      minmay_wonky_spiral, layout_layer_cave
D:5:      gammafunk_wand_slinger, layout_gridville,
          nicolae_qazlal_general_emergency, chequers_serial_rivers_room_b,
          chequers_big_river, uniq_edmund
D:6:      layout_cave_pools, uniq_menkaure, uniq_pikel, uniq_duvessa
D:7:      layout_basic, minmay_temple_entry_gardened_gates, st_stairs_7,
          grunt_ministairs_15
D:8:      layout_rooms, nzn_hepliaklqana_mist_gate, serial_ice, serial_ice_b,
          serial_ice_c, serial_ice_l, serial_ice_a
D:9:      layout_cave_pools, lair_entry_dummy, enter_bailey_2, minmay_bent
Temple:   dpeg_five_rooms_temple

Skill      XL: |  1  2  3  4  5  6  7  8  9 10 |
---------------+-------------------------------+-----
Conjurations   | 3 |  3.1
Spellcasting   | 3 4 5 6 7 9 10 11 | 11.7
Dodging        | 3 4 5 6 7 10 12 14 | 14.8
Hexes          | 4 6 8 |  8.0
Stealth        | |  3.0

Action                   |  1- 3 |  4- 6 |  7- 9 | 10-12 || total
-------------------------+-------+-------+-------+-------++-------
Melee: Dagger            |    37 |    38 |    51 |    54 ||   180
 Cast: Magic Dart        |    52 |    26 |    35 |    68 ||   181
       Searing Ray       |     4 |    22 |    61 |    74 ||   161
  Use: Scroll            |     3 |     7 |     8 |     2 ||    20
       Potion            |       |       |       |     3 ||     3
 Stab: Sleeping          |     2 |     2 |       |       ||     4
       Invisible         |       |       |       |     3 ||     3
Armor: Robe              |     2 |    10 |    36 |    21 ||    69
Dodge: Dodged            |    45 |    40 |   147 |   264 ||   496
